 Dungeon Crawl Stone Soup version 0.30-a0-1085-g990a428a5c (webtiles) character file.

Game seed: 7421412180700614759

126 Lavandula the Stinger (level 5, -11/63 HPs)
             Began as a Naga Venom Mage on Apr 16, 2023.
             Killed by an exploding endoplasm (26 damage)
             ... ignited by their inner flame
             ... on level 4 of the Dungeon.
             The game lasted 00:07:01 (2981 turns).

Lavandula the Stinger (Naga Venom Mage)             Turns: 2981, Time: 00:07:01

Health: -11/63     AC: 22    Str:  8 (10) XL:     5   Next: 9%
Magic:  10/10      EV:  1    Int: 15 (18) God:
Gold:   96         SH:  0    Dex:  8 (11) Spells: 5/11 levels left

rFire   . . .      SeeInvis +    (no weapon)
rCold   . . .      Faith    .    (no shield)
rNeg    . . .      Spirit   .    a - melded +0 robe
rPois   +          Reflect  .    (helmet currently unavailable)
rElec   .          Rampage  .    n - melded +2 cloak {rPois}
rCorr   .          NoTele   +    (gloves currently unavailable)
Will    .....                    (no barding)
Stlth   ++                       (no amulet)
HPRegen 0.30/turn                c - ring of wizardry
MPRegen 0.12/turn                (no ring)

@: tree-form, hasted, unable to read, very quick
A: stationary, stasis, torment immunity, boosted hp, AC +1, large, see
invisible, (deformed body), (poison resistance), (slowness 2), spit poison 1,
(naga tail 1), (iridescent scales 1), mutation resistance 1, inability to read
after injury 1
a: Spit Poison


You were on level 4 of the Dungeon.
You were a tree.
You visited 1 branch of the dungeon, and saw 4 of its levels.

You collected 96 gold pieces.

Inventory:

Armour
 a - a +0 robe (melded)
 n - a +2 cloak of poison resistance (melded)
Jewellery
 c - a ring of wizardry (left branch)
Wands
 g - a wand of paralysis (2)
Scrolls
 j - a scroll of vulnerability {unknown}
 k - a scroll of teleportation {unknown}
 l - a scroll of immolation
 p - 2 scrolls of identify
Potions
 b - a potion of magic
 d - 2 potions of curing
 o - a potion of mutation


   Skills:
 - Level 1.5 Dodging
 - Level 3.0 Stealth
 + Level 3.9 Spellcasting
 - Level 1.0 Transmutations
 - Level 5.6 Poison Magic


You had 5 spell levels left.
You knew the following spells:

 Your Spells              Type           Power      Damage    Failure   Level
a - Sting                 Tmut/Pois      48%        1d5       1%          1
b - Poisonous Vapours     Pois/Air       22%        N/A       3%          2
c - Mephitic Cloud        Conj/Pois/Air  8%         N/A       11%         3

Your spell library contained the following spells:

 Spells                   Type           Power      Damage    Failure   Level
 Slow                     Hex            8%         N/A       8%          1
 Olgreb's Toxic Radiance  Pois           19%        N/A       8%          4
 Confusing Touch          Hex            2%         N/A       22%         3
 Vampiric Draining        Necr           2%         2d6       22%         3


Dungeon Overview and Level Annotations

Branches:
Dungeon (4/15)
 Temple: D:4-7

Altars:

Annotations:
D:4 Menkaure


Innate Abilities, Weirdness & Mutations

You are a tree.
Your roots penetrate the ground, keeping you stationary.
You cannot be teleported.
You are immune to unholy pain and torment.
Your maximum health is greatly increased.
Your equipment is partially melded.
((Your serpentine skin is tough. (AC +1)))
You have supernaturally acute eyesight. (SInv)
((Armour fits poorly on your strangely shaped body.))
((Your system is resistant to poisons. (rPois)))
((You cover ground very slowly.))
You can spit poison.
((You have a snake-like lower body.))
((You are partially covered in iridescent scales. (AC +2)))
You are somewhat resistant to further mutation.
You occasionally lose the ability to read scrolls when taking damage.


Message History

You feel invigorated. The endoplasm hits you.
* * * LOW HITPOINT WARNING * * *
Menkaure gestures wildly while chanting.
Menkaure seems to speed up.
The endoplasm hits you but does no damage.
Menkaure hits you but does no damage. The endoplasm freezes you.
You are frozen.
* * * LOW HITPOINT WARNING * * *
Menkaure hits you but does no damage. Menkaure hits you but does no damage.
The endoplasm freezes you.
You are frozen.
* * * LOW HITPOINT WARNING * * *
Menkaure mumbles in an indecipherable tongue.
Menkaure completely misses you. The endoplasm hits you. Menkaure hits you!
* * * LOW HITPOINT WARNING * * *
The endoplasm hits you but does no damage.
You are too confused!
Menkaure hits you but does no damage.
The endoplasm hits you but does no damage.
Menkaure hits you.
* * * LOW HITPOINT WARNING * * *
The endoplasm hits you but does no damage.
Menkaure hits you but does no damage.
You feel less invigorated.
You feel less confused.
Okay, then.
As you read the scroll labelled UNUESI LUNKI, it crumbles to dust.
You feel a surge of unholy energy.
The endoplasm convulses!
Flame seeps out of the endoplasm.
It was a scroll of torment.
Menkaure murmurs, "Let me perform the rites..."
Menkaure hits you but does no damage.
The endoplasm is engulfed in blazing flames.
The endoplasm explodes!
The fiery explosion engulfs you!!
You feel threatened and lose the ability to read scrolls!
You die...

..... .# ... ....#.#
....# #.....# ....# ..
#..... .....
..####....###.....
.................######+#
.............# #........#
.............###.....$...
..........#....#♣M§..!...
..........#....#§○§......
###.......#...........#..
#..........###.######.#
#.###.......##.# #
#.####.####.##.#
#.....<.# .##.# #.#####.#
.##.# #.# #.#


You could see Menkaure (fast, inner flame).

Vanquished Creatures
  6 adders
  2 worms
  3 dart slugs
  5 orcs (D:3)
  8 ball pythons
  6 endoplasms
  2 giant cockroaches
  5 goblins
  A hobgoblin (D:2)
  5 bats
  2 frilled lizards
  10 kobolds
  8 rats
63 creatures vanquished.

Notes
Turn   | Place    | Note
-------+----------+-------------------------------------------
     0 | D:1      | Lavandula the Naga Venom Mage began the quest for the Orb.
     0 | D:1      | Reached XP level 1. HP: 15/15 MP: 3/3
   318 | D:1      | Reached XP level 2. HP: 10/22 MP: 1/5
   321 | D:1      | Learned a level 2 spell: Poisonous Vapours
  1041 | D:2      | Reached skill level 5 in Poison Magic
  1041 | D:2      | Reached XP level 3. HP: 28/28 MP: 4/6
  1045 | D:2      | Learned a level 3 spell: Mephitic Cloud
  1380 | D:2      | Reached XP level 4. HP: 36/36 MP: 2/8
  1507 | D:2      | You fall into a shaft and drop 1 floor!
  2459 | D:3      | Reached XP level 5. HP: 40/42 MP: 6/10
  2948 | D:4      | Noticed Menkaure
  2964 | D:4      | Gained mutation: You occasionally lose the ability to read
                  | scrolls when taking damage. [potion of mutation]
  2964 | D:4      | Gained mutation: You are partially covered in iridescent
                  | scales. (AC +2) [potion of mutation]
  2964 | D:4      | Gained mutation: You are somewhat resistant to further
                  | mutation. [potion of mutation]
  2966 | D:4      | fuck you
  2981 | D:4      | Killed by an exploding endoplasm... ignited by their inner
                  | flame

Illustrated notes

..... .# ... ....#.#
....# #.....# ....# ..
#..... .....
..####....###.....
.................######+#
.............# #........#
.............###.....$...
..........#....#♣M...!...
..........#....#.J.......
###.......#...........#..
#..........###.######.#
#.###.......##.# #
#.####.####.##.#
#.....<.# .##.# #.#####.#
.##.# #.# #.#


Turn 2966 on D:4: fuck you

Levels and vault maps discovered:
D:1:      lightli_arrival_noodles, layout_basic
D:2:      layout_loops_cross
D:3:      layout_basic, minmay_misc_feat_four_crosses, corexii_shack
D:4:      layout_basic, gammafunk_ghost_mausoleum, uniq_ijyb, uniq_menkaure

Skill      XL: |  1  2  3 |
---------------+----------+-----
Poison Magic   | 5 |  5.6
Spellcasting   | 3 |  3.9
Dodging        | |  1.5
Stealth        | |  3.0
Transmutations | |  1.0

Action                     |  1- 3 |  4- 6 || total
---------------------------+-------+-------++-------
  Melee: Unarmed           |    12 |    32 ||    44
   Cast: Sting             |    40 |    50 ||    90
Ability: Spit Poison       |    16 |    28 ||    44
  Evoke: Wand              |       |     5 ||     5
    Use: Scroll            |       |     6 ||     6
         Potion            |       |     6 ||     6
   Stab: Paralysed         |       |     5 ||     5
 Armour: Robe              |     5 |    14 ||    19
         Skin              |       |    14 ||    14
  Dodge: Dodged            |     9 |    42 ||    51

Table legend: (Time is in decaauts)
 A = Elapsed time spent in this place.
 B = Non-inter-level travel time spent in this place.
 C = Inter-level travel time spent in this place.
 D = Time resting spent in this place.
 E = Time spent auto-exploring this place.
 F = Levels seen in this place.
 G = Mean time per level.
                   A        B        C        D        E       F      G
               +--------+--------+--------+--------+--------+-----+--------+
         Total |   3690 |   3582 |    108 |    144 |   2965 |   4 |  922.5 |
       Dungeon |   3690 |   3582 |    108 |    144 |   2965 |   4 |  922.5 |
               +--------+--------+--------+--------+--------+-----+--------+

Top non-repeatable levels by time:
     D:3: 1389 daAuts
     D:1: 1243 daAuts
     D:2: 1003 daAuts
     D:4: 54 daAuts
